 Dungeon Crawl Stone Soup version 0.31-a0-177-g4aa6249778 (webtiles) character file.

Game seed: 5409642114462399942

48 qw the Shooter (level 3, -3/32 HPs)
             Began as a Naga Hunter on June 18, 2023.
             Slain by Terence
             ... wielding a +0 short sword
              (6 damage)
             ... on level 2 of the Dungeon.
             The game lasted 00:00:21 (909 turns).

qw the Shooter (Naga Hunter)                         Turns: 909, Time: 00:00:22

Health: -3/32      AC:  6    Str: 13    XL:     3   Next: 72%
Magic:  3/3        EV:  9    Int:  9    God:
Gold:   26         SH:  0    Dex: 16    Spells: 2/2 levels left

rFire   . . .        Y - +0 shortbow
rCold   . . .        (shield currently unavailable)
rNeg    . . .        c - +0 leather armour
rPois   +            (no helmet)
rElec   .            (no cloak)
rCorr   .            (no gloves)
SInv    +            (no barding)
Will    .....        (no amulet)
Stlth   ++           e - +4 ring of protection
HPRegen 0.25/turn    (no ring)
MPRegen 0.08/turn

%: no passive effects
@: short of breath, very slow
A: AC +1, large, see invisible, deformed body, poison resistance, slowness 2,
spit poison 1, naga tail 1
a: Spit Poison


You were on level 2 of the Dungeon.
You visited 1 branch of the dungeon, and saw 2 of its levels.

You collected 26 gold pieces.


Innate Abilities, Weirdness & Mutations

Your serpentine skin is tough. (AC +1)
You have supernaturally acute eyesight. (SInv)
Armour fits poorly on your strangely shaped body.
Your system is resistant to poisons. (rPois)
You cover ground very slowly.
You can spit poison.
You have a snake-like lower body.


   Skills:
 - Level 2.0 Fighting
 + Level 4.8 Ranged Weapons
 - Level 1.5 Dodging
 - Level 1.5 Stealth


You had 2 spell levels left.
You didn't know any spells.
Your spell library was empty.

Inventory:

Hand Weapons
 Y - a +0 shortbow (weapon)
Armour
 c - a +0 leather armour (worn)
Jewellery
 e - a +4 ring of protection (left hand)
Potions
 d - a potion of enlightenment {unknown}

Dungeon Overview and Level Annotations

Branches:
Dungeon (2/15)

Altars:
Nemelex Xobeh

Annotations:
D:2 Robin, Terence


Message History

You shoot an arrow. The arrow barely misses Terence.
The arrow barely misses the giant cockroach.
The arrow hits the goblin!
You kill the goblin!
The goblin hits you with a +0 club. Terence barely misses you.
You shoot an arrow. The arrow hits Terence.
Terence is heavily wounded.
Terence hits you with a +0 short sword. The goblin hits you but does no damage.
You shoot an arrow. The arrow barely misses Terence.
The arrow barely misses the giant cockroach.
The arrow hits the hobgoblin.
The hobgoblin is severely wounded.
You have got your breath back.
Robin's horned helmet rattles.
Robin throws the goblin at you! Terence closely misses you.
The goblin barely misses you.
The goblin hits you but does no damage. x2
Terence hits you with a +0 short sword.
906 ||| INVOKING Spit Poison.
Aiming: Spit Poison (2% risk of failure)
Press: ? - help, Shift-Dir - straight line, f/p - Terence The splash of poison hits Terence but does no damage.
Terence is poisoned.
Terence is heavily wounded.
The goblin hits you with a +0 dagger. The goblin barely misses you.
Terence barely misses you.
You shoot an arrow. The arrow hits Terence.
Terence is severely wounded.
The goblin hits you but does no damage. The goblin hits you with a +0 club.
Terence hits you with a +0 short sword.
You shoot an arrow.
The arrow hits Terence but does no damage.
Terence is severely wounded.
The goblin hits you with a +0 dagger. Terence hits you with a +0 short sword.
The goblin hits you but does no damage.
You shoot an arrow. The arrow barely misses Terence.
The arrow closely misses the giant cockroach.
The arrow hits the hobgoblin!
You kill the hobgoblin!
The goblin barely misses you. Terence hits you with a +0 short sword.
You die...

#.#...........#.#..
#.......#######.#..
#.#.#...# .#..
#.#.#.### ###
#.#.#.....#
#.#.####### .
#.#.......
....##g##gJ....
.......g@@Bg....
.....#####ggg...
.... #.... ##+ ...
.


You could see Terence (poisoned), Robin, an endoplasm, a giant cockroach, a
hobgoblin (strong) and 5 goblins.

Vanquished Creatures
  An adder (D:2)
  A dart slug (D:1)
  A worm (D:2)
  3 ball pythons (D:1)
  5 endoplasms (D:1)
  2 giant cockroaches
  3 hobgoblins
  3 jackals (D:1)
  2 kobolds (D:1)
  3 quokkas
  A bat (D:1)
  A frilled lizard (D:1)
  4 goblins
  A rat (D:2)
31 creatures vanquished.

Notes
Turn   | Place    | Note
-------+----------+-------------------------------------------
     0 | D:1      | qw the Naga Hunter began the quest for the Orb.
     0 | D:1      | Reached XP level 1. HP: 19/19 MP: 1/1
     0 | D:1      | 0 ||| qw: Version: 0.3-a-7-ge0c9b40
     0 | D:1      | 0 ||| qw: Game counter: 794
     0 | D:1      | 0 ||| qw: Always use a shield: true
     0 | D:1      | 0 ||| qw: God list: Okawaru
     0 | D:1      | 0 ||| qw: Allow faded altars: false
     0 | D:1      | 0 ||| qw: Do Orc after D:15 true
     0 | D:1      | 0 ||| qw: Do second Lair branch before Depths: true
     0 | D:1      | 0 ||| qw: Lair rune preference: random
     0 | D:1      | 0 ||| qw: Plans: Normal
     0 | D:1      | 0 ||| PLANNING D:1-11
    16 | D:1      | 16 ||| INVOKING Spit Poison.
    25 | D:1      | 25 ||| INVOKING Spit Poison.
    65 | D:1      | 65 ||| INVOKING Spit Poison.
   103 | D:1      | 103 ||| INVOKING Spit Poison.
   115 | D:1      | 115 ||| INVOKING Spit Poison.
   117 | D:1      | Reached skill level 4 in Ranged Weapons
   117 | D:1      | Reached XP level 2. HP: 26/26 MP: 2/2
   122 | D:1      | 122 ||| INVOKING Spit Poison.
   126 | D:1      | 126 ||| INVOKING Spit Poison.
   129 | D:1      | 129 ||| INVOKING Spit Poison.
   166 | D:1      | 166 ||| INVOKING Spit Poison.
   203 | D:1      | 203 ||| INVOKING Spit Poison.
   231 | D:1      | 231 ||| INVOKING Spit Poison.
   291 | D:1      | 291 ||| INVOKING Spit Poison.
   313 | D:1      | 313 ||| INVOKING Spit Poison.
   386 | D:1      | Reached XP level 3. HP: 32/32 MP: 3/3
   473 | D:1      | 473 ||| UPGRADING to +4 ring of protection.
   474 | D:1      | 474 ||| READING scroll labelled UCLIWN HAWNUDAP.
   475 | D:1      | 475 ||| FLEEEEING.
   478 | D:1      | 478 ||| INVOKING Spit Poison.
   562 | D:1      | 562 ||| INVOKING Spit Poison.
   587 | D:1      | 587 ||| INVOKING Spit Poison.
   804 | D:1      | 804 ||| READING scroll labelled OJYR GUPRINY.
   805 | D:1      | 805 ||| DROPPING scroll of butterflies.
   816 | D:2      | 816 ||| INVOKING Spit Poison.
   827 | D:2      | 827 ||| INVOKING Spit Poison.
   832 | D:2      | 832 ||| INVOKING Spit Poison.
   851 | D:2      | Found a sparkling altar of Nemelex Xobeh.
   889 | D:2      | 889 ||| INVOKING Spit Poison.
   894 | D:2      | Noticed Terence
   896 | D:2      | 896 ||| INVOKING Spit Poison.
   897 | D:2      | Noticed Robin
   902 | D:2      | 902 ||| INVOKING Spit Poison.
   906 | D:2      | 906 ||| INVOKING Spit Poison.
   907 | D:2      | HP: 6/32 [Terence/+0 short sword (6)]
   908 | D:2      | HP: 2/32 [Terence/+0 short sword (3)]
   909 | D:2      | Slain by Terence

Levels and vault maps discovered:
D:1:      amcnicky_arrival_feature_with_door, layout_basic, serial_glass,
          glass_columns_c, glass_columns_a, glass_columns_c, glass_columns_a
D:2:      layout_basic, basic_altar, minmay_misc_feat_hallway,
          lightli_corner_chamber, uniq_terence, uniq_robin

Skill      XL: |  1 |
---------------+----+-----
Ranged Weapons | 4 |  4.8
Fighting       | |  2.0
Dodging        | |  1.5
Stealth        | |  1.5

Action                     || total
---------------------------++-------
   Fire: Shortbow          ||    60
Ability: Spit Poison       ||    23
    Use: Scroll            ||     2
 Armour: Leather armour    ||    14
  Dodge: Dodged            ||    20

Table legend:
 A = Non-vault XP
 B = Vault XP
 C = Vault XP percentage of total XP
 D = Non-vault monster count
 E = Vault monster count
 F = Vault count percentage of total count
                 A         B        C        D         E       F
            +---------+---------+-------+---------+---------+-------
      Total |      67 |       4 |   5.6 |      29 |       2 |   6.5
            +---------+---------+-------+---------+---------+-------
        D:1 |      44 |       0 |   0.0 |      24 |       0 |   0.0
        D:2 |      23 |       4 |  14.8 |       5 |       2 |  28.6
            +---------+---------+-------+---------+---------+-------
